 Dungeon Crawl Stone Soup version 0.19-a0-1071-g4ed3155 (webtiles) character file.

252 mistymad the Magician (level 5, -5/28 HPs)
             Began as a Deep Elf Wizard on Aug 5, 2016.
             Slain by Grinder (6 damage)
             ... on level 2 of the Dungeon.
             The game lasted 00:13:41 (3470 turns).

mistymad the Magician (Deep Elf Wizard)             Turns: 3470, Time: 00:13:42

Health: -5/28      AC:  4    Str:  4    XL:     5   Next: 89%
Magic:  5/16       EV: 13    Int: 29    God:
Gold:   108        SH:  0    Dex: 13    Spells: 5 memorised, 7 levels left

rFire  . . .     SeeInvis .     f - +3 dagger
rCold  + . .     Gourm    .     l - +1 robe {rC+}
rNeg   . . .     Faith    .     (no shield)
rPois  .         Spirit   .     b - +0 hat
rElec  .         Dismiss  .     (no cloak)
rCorr  .         Reflect  .     p - +0 pair of gloves (curse)
SustAt .         Harm     .     (no boots)
MR     .....                    (no amulet)
Stlth  ++........               (no ring)
                                (no ring)

@: brilliant, exhausted, very slightly contaminated, hasted and slowed
A: no striking features
a: no special abilities


You were on level 2 of the Dungeon.
You were very hungry.

You visited 1 branch of the dungeon, and saw 3 of its levels.

You collected 108 gold pieces.

Inventory:

Hand Weapons
 f - a +3 dagger (weapon)
Missiles
 j - 8 poisoned needles
Armour
 b - a +0 hat (worn)
 l - a +1 robe of cold resistance (worn)
 p - a cursed +0 pair of gloves (worn)
Wands
 s - a wand of flame (7/48)
Scrolls
 o - a scroll of fog {unknown}
Books
 c - a book of Minor Magic

   Spells                             Type                      Level
   a - Magic Dart                     Conjuration                  1
   b - Blink                          Translocation                2
   c - Call Imp                       Summoning                    2
   d - Repel Missiles                 Charms/Air                   2
   e - Slow                           Hexes                        2
   f - Conjure Flame                  Conjuration/Fire             3
   g - Mephitic Cloud                 Conjuration/Poison/Air       3
Comestibles
 a - 3 fruits
 d - 3 bread rations
 g - a meat ration
 r - 3 chunks of flesh


   Skills:
 - Level 2.4 Dodging
 - Level 2.4 Stealth
 + Level 7.2 Spellcasting
 + Level 4.4 Conjurations
   Level 1.1 Summonings
 - Level 1.1 Translocations


You had 7 spell levels left.
You knew the following spells:

 Your Spells              Type           Power        Failure   Level  Hunger
a - Magic Dart            Conj           ####         1%          1    None
b - Blink                 Tloc           N/A          1%          2    None
c - Repel Missiles        Chrm/Air       ####..       1%          2    None
d - Conjure Flame         Conj/Fire      #####...     1%          3    None
e - Mephitic Cloud        Conj/Pois/Air  #####...     1%          3    None


Dungeon Overview and Level Annotations

Branches:
Dungeon (3/15)

Altars:
Hepliaklqana
Trog
Zin

Annotations:
D:2 Grinder
D:3 Terence


Message History

You suddenly lose the ability to move!
Grinder hits you.
You writhe in agony.
Grinder barely misses you. Grinder hits you!
* * * LOW HITPOINT WARNING * * *
You writhe in agony.
* * * LOW HITPOINT WARNING * * *
Grinder says, "Don't move a muscle."
Grinder hits you but does no damage. Grinder barely misses you.
You can move again.
You take 18 damage, and have 1/28 hp.
MASSIVE DAMAGE!!
It was a potion of haste.
You feel yourself speed up. Grinder barely misses you.
You are very lightly contaminated with residual magic.
It was a potion of brilliance.
You feel clever all of a sudden.
Grinder says, "You look like you could use a good racking."
Grinder hits you.
You die...

.# ##..#..# .# ##.#..#
## ##...)# # ####.).>##
# #......[# ###
######.####.!# ##.#
#......# #.).###..#
#.###### #.#.5##..#
#.########.##@#..##
#.##.......##....#
####_##......###..#.#
#............##..##.#
..........รท..##..##.#
.................##.###
.....)................#
...............>......#
.......[..(...........#


You could see Grinder.

Vanquished Creatures
  Natasha (thrice) (D:2)
  Ijyb (D:3)
  Robin (D:2)
  4 adders
  2 oozes (D:1)
  A worm (D:2)
  4 dart slugs
  2 giant geckos (D:1)
  An orc (D:3)
  A ball python (D:2)
  3 giant cockroaches
  18 goblins
  12 hobgoblins
  6 jackals
  A quokka (D:3)
  9 bats
  6 giant newts
  3 kobolds
  14 rats
92 creatures vanquished.

Notes
Turn   | Place    | Note
-------+----------+-------------------------------------------
     0 | D:1      | mistymad the Deep Elf Wizard began the quest for the Orb.
     0 | D:1      | Reached XP level 1. HP: 10/10 MP: 7/7
   354 | D:1      | Reached XP level 2. HP: 15/15 MP: 5/9
   571 | D:1      | Reached skill level 5 in Spellcasting
   788 | D:1      | Learned a level 2 spell: Blink
   791 | D:1      | Learned a level 2 spell: Repel Missiles
   951 | D:1      | Reached XP level 3. HP: 19/19 MP: 5/11
  1409 | D:2      | Noticed Natasha
  1413 | D:2      | Killed Natasha
  1420 | D:1      | Reached XP level 4. HP: 20/24 MP: 3/13
  1899 | D:2      | Reached skill level 6 in Spellcasting
  1923 | D:2      | Found a glowing silver altar of Zin.
  2080 | D:2      | Noticed Natasha
  2090 | D:2      | Learned a level 3 spell: Conjure Flame
  2258 | D:2      | Killed Natasha
  2499 | D:2      | Learned a level 3 spell: Mephitic Cloud
  2581 | D:2      | Found a hazy altar of Hepliaklqana.
  2720 | D:2      | Noticed a moth of wrath
  2723 | D:2      | Found a bloodstained altar of Trog.
  2729 | D:2      | Reached XP level 5. HP: 28/28 MP: 13/15
  2874 | D:2      | Noticed Natasha
  2881 | D:2      | Killed Natasha
  3011 | D:3      | Noticed Grinder
  3027 | D:3      | Noticed Terence
  3134 | D:3      | Noticed Robin
  3146 | D:2      | Killed Robin
  3430 | D:3      | Reached skill level 7 in Spellcasting
  3434 | D:3      | Noticed Ijyb
  3442 | D:3      | Killed Ijyb
  3463 | D:2      | Paralysed by Grinder for 6 turns
  3466 | D:2      | HP: 1/28 [Grinder (5)]
  3470 | D:2      | Slain by Grinder

Vault maps used:
D:1:      shiori_shiawase
D:2:      overflow_temple_1_default, nicolae_overflow_crystal_walls,
          first_bread, tgw_trog, uniq_natasha
D:3:      serial_bayou_pond_c, minmay_misc_feat_ornament,
          uniq_crazy_yiuf_cottage, uniq_robin, uniq_grinder, uniq_sigmund,
          uniq_terence, uniq_iyjb

Skill      XL: |  1  2  3  4  5 |
---------------+----------------+-----
Conjurations   | 2 3 4 |  4.4
Spellcasting   | 5 6 7 |  7.2
Dodging        | |  2.4
Stealth        | |  2.4
Summonings     | |  1.1
Translocations | |  1.1

Action                   |  1- 3 |  4- 6 || total
-------------------------+-------+-------++-------
Melee: Dagger            |     3 |    24 ||    27
 Cast: Magic Dart        |    64 |   109 ||   173
       Repel Missiles    |     1 |     1 ||     2
       Mephitic Cloud    |       |     6 ||     6
  Use: Potion            |       |     5 ||     5
       Scroll            |       |     3 ||     3
 Stab: Confused          |       |     1 ||     1
  Eat: Chunk             |     1 |     6 ||     7
Armor: Robe              |       |    21 ||    21
       Skin              |       |    32 ||    32
Dodge: Dodged            |    15 |    62 ||    77
       Deflected         |     1 |     1 ||     2
